 Dungeon Crawl Stone Soup version 0.31-a0-229-g1fc7ce93e2 (webtiles) character file.

Game seed: 4999308363972081377

66 qw the Shooter (level 4, 0/26 HPs)
             Began as a Gargoyle Hexslinger on July 6, 2023.
             Slain by a sky beast (2 damage)
             ... on level 3 of the Dungeon.
             The game lasted 00:00:41 (1276 turns).

qw the Shooter (Gargoyle Hexslinger)                Turns: 1276, Time: 00:00:42

Health: 0/26       AC: 10    Str: 12    XL:     4   Next: 15%
Magic:  5/5        EV: 10    Int: 13    God:
Gold:   59         SH:  0    Dex: 14    Spells: 4/5 levels left

rFire   . . .        Y - +1 sling
rCold   . . .        (no shield)
rNeg    + + .        e - +0 ring mail
rPois   inf          d - +2 hat
rElec   +            (no cloak)
rCorr   .            (no gloves)
SInv    .            (no boots)
Will    .....        (no amulet)
Stlth   +            j - ring of positive energy
HPRegen 0.24/turn    (no ring)
MPRegen 0.09/turn

%: no passive effects
@: no status effects
A: sickness immunity, AC +3, negative energy resistance 1, electricity
resistance, torment resistance 1, petrification resistance
a: no special abilities


You were on level 3 of the Dungeon.
You visited 1 branch of the dungeon, and saw 3 of its levels.

You collected 92 gold pieces.
You spent 33 gold pieces at shops.


Innate Abilities, Weirdness & Mutations

You are immune to sickness and miasma.
Your stone body is resilient. (AC +3)
You are immune to poison.
You resist negative energy. (rN+)
You are resistant to electric shocks. (rElec)
You are resistant to unholy torment.
You are immune to petrification.


   Skills:
 - Level 2.2 Fighting
 + Level 3.8 Ranged Weapons
 - Level 1.5 Dodging
 - Level 1.0 Spellcasting
 - Level 2.6 Hexes


You had 4 spell levels left.
You knew the following spells:

 Your Spells              Type           Power      Damage    Failure   Level
a - Slow                  Hex            28%        N/A       22%         1

Your spell library contained the following spells:

 Spells                   Type           Power      Damage    Failure   Level
 Inner Flame              Hex/Fire       4%         N/A       73%         3
 Portal Projectile        Hex/Tloc       8%         N/A       73%         3
 Cause Fear               Hex            3%         N/A       91%         4

Inventory:

Hand Weapons
 Y - a +1 sling (weapon)
Armour
 d - a +2 hat (worn)
 e - a +0 ring mail (worn)
Jewellery
 j - a ring of positive energy (left hand)
Scrolls
 a - a scroll of identify
 h - 2 scrolls of teleportation
Potions
 c - a potion of might
 f - 3 potions of curing
 g - a potion of mutation {unknown}

Dungeon Overview and Level Annotations

Branches:
Dungeon (3/15)

Altars:

Shops:
D:2 !


Message History

The sky beast hits you but does no damage.
You shoot a sling bullet. The sling bullet misses the sky beast.
The sky beast hits you but does no damage.
You shoot a sling bullet.
The sling bullet completely misses the sky beast.
The sky beast completely misses you.
The sky beast hits you but does no damage.
You shoot a sling bullet.
The sling bullet barely misses the sky beast.
The sky beast hits you but does no damage.
You shoot a sling bullet.
The sling bullet closely misses the sky beast.
The sky beast flickers out of sight!
Deactivating autopickup; reactivate with Ctrl-A.
Something hits you but does no damage.
You shoot a sling bullet. Something hits you but does no damage.
A sky beast appears from thin air!
Reactivating autopickup.
The sky beast barely misses you.
You shoot a sling bullet.
The sling bullet closely misses the sky beast.
The sky beast barely misses you.
You shoot a sling bullet.
The sling bullet barely misses the sky beast.
The sky beast flickers out of sight!
Deactivating autopickup; reactivate with Ctrl-A.
Something hits you. Something shocks you. You resist.
You shoot a sling bullet. Something hits you but does no damage.
Something hits you. Something shocks you. You resist.
You shoot a sling bullet. Something hits you. Something shocks you. You resist.
You shoot a sling bullet. Something hits you but does no damage.
You shoot a sling bullet. Something hits you but does no damage.
Something hits you. Something shocks you. You resist.
You shoot a sling bullet. Something hits you. Something shocks you. You resist.
You die...

..# (.# ...#
#..##.##...#
#####.(...# ...#
.......#..##...#
.......#.......#
.)..........#.#
........##....####
#{@...<.....###>
#.##..#...#.....
#. ##.##......# #.
#.##...##... #.
#.##...# . ..
#.##...# ##
####...# #...#
#####


There were no monsters in sight!

Vanquished Creatures
  2 adders (D:2)
  3 worms (D:2)
  2 dart slugs (D:1)
  4 endoplasms
  4 giant cockroaches
  A goblin (D:2)
  2 hobgoblins
  6 ball pythons
  7 bats
  3 frilled lizards
  A kobold (D:2)
  3 rats
38 creatures vanquished.

Notes
Turn   | Place    | Note
-------+----------+-------------------------------------------
     0 | D:1      | qw the Gargoyle Hexslinger began the quest for the Orb.
     0 | D:1      | Reached XP level 1. HP: 12/12 MP: 2/2
     0 | D:1      | 0 ||| qw: Version: 0.3-a-46-gb1f654a
     0 | D:1      | 0 ||| qw: Game counter: 1192
     0 | D:1      | 0 ||| qw: Melee chars always use a shield: true
     0 | D:1      | 0 ||| qw: God list: Okawaru
     0 | D:1      | 0 ||| qw: Allow faded altars: false
     0 | D:1      | 0 ||| qw: Do Orc after clearing Dungeon:15 true
     0 | D:1      | 0 ||| qw: Do second Lair branch before Depths: true
     0 | D:1      | 0 ||| qw: Lair rune preference: random
     0 | D:1      | 0 ||| qw: Goals: Normal
     0 | D:1      | 0 ||| PLANNING D:1-11
   259 | D:1      | Reached XP level 2. HP: 16/16 MP: 3/3
   332 | D:1      | Found a faded altar of an unknown god.
   347 | D:1      | Reached skill level 3 in Ranged Weapons
   641 | D:1      | 641 ||| UPGRADING to +0 ring mail.
   651 | D:1      | 651 ||| DROPPING +0 robe.
   652 | D:1      | 652 ||| UPGRADING to ring of positive energy.
   653 | D:1      | 653 ||| READING scroll labelled PAACWA FEOMILEE.
   654 | D:1      | 654 ||| READING scroll labelled DOOWNU XAWN.
   655 | D:1      | 655 ||| READING 3 scrolls labelled USTUGIEWNA.
   660 | D:1      | 660 ||| READING scroll labelled BOACVA TIAD.
   661 | D:1      | 661 ||| DROPPING scroll of poison.
   684 | D:2      | Reached XP level 3. HP: 21/21 MP: 4/4
   921 | D:2      | Found Qowan's Distillery.
   927 | D:2      | 927 ||| BUYING potion of curing (33 gold).
   927 | D:2      | Bought a potion of curing for 33 gold pieces
   927 | D:2      | 927 ||| SHOPLISTING potion of enlightenment (55 gold, have
                  | 38).
   927 | D:2      | 927 ||| SHOPLISTING potion of haste (110 gold, have 38).
   983 | D:2      | Reached XP level 4. HP: 26/26 MP: 5/5
  1157 | D:2      | 1157 ||| UPGRADING to +2 hat.
  1162 | D:2      | 1162 ||| READING scroll labelled FICYT BYODEH.
  1163 | D:2      | 1163 ||| READING scroll labelled JICIUFANES.
  1164 | D:2      | 1164 ||| DRINKING 2 metallic silvery potions.
  1165 | D:2      | 1165 ||| READING 2 scrolls of identify.
  1165 | D:2      | 1165 ||| IDENTIFYING bubbling sapphire potion
  1166 | D:2      | 1166 ||| DROPPING potion of invisibility.
  1188 | D:3      | 1188 ||| STAIRDANCE
  1208 | D:3      | 1208 ||| STAIRDANCE
  1235 | D:3      | Noticed a sky beast
  1273 | D:3      | HP: 6/26 [something (1)]
  1276 | D:3      | HP: 2/26 [something (1)]
  1276 | D:3      | Slain by a sky beast

Levels and vault maps discovered:
D:1:      minmay_arrival_wavy_path, layout_loops_ring, basic_ecumenical_altar,
          minmay_pentomino_z2
D:2:      layout_basic, serial_shops, nicolae_shop_just_a_little_nook
D:3:      layout_rooms, due_unseen_surprise, uniq_jessica, uniq_natasha

Skill      XL: |  1  2 |
---------------+-------+-----
Ranged Weapons | 3 |  3.8
Fighting       | 2 |  2.2
Dodging        | |  1.5
Spellcasting   | |  1.0
Hexes          | |  2.6

Action                     |  1- 3 |  4- 6 || total
---------------------------+-------+-------++-------
   Fire: Sling             |   116 |    68 ||   184
    Use: Scroll            |     4 |     3 ||     7
         Potion            |       |     1 ||     1
 Armour: Robe              |     9 |       ||     9
         Ring mail         |    21 |    43 ||    64
  Dodge: Dodged            |    48 |    43 ||    91

Table legend:
 A = Non-vault XP
 B = Vault XP
 C = Vault XP percentage of total XP
 D = Non-vault monster count
 E = Vault monster count
 F = Vault count percentage of total count
                 A         B        C        D         E       F
            +---------+---------+-------+---------+---------+-------
      Total |      93 |       2 |   2.1 |      37 |       1 |   2.6
            +---------+---------+-------+---------+---------+-------
        D:1 |      26 |       2 |   7.1 |      15 |       1 |   6.2
        D:2 |      65 |       0 |   0.0 |      20 |       0 |   0.0
        D:3 |       2 |       0 |   0.0 |       2 |       0 |   0.0
            +---------+---------+-------+---------+---------+-------
